Map: Thunderbird LE

Players

souL

  • Race: Terran Terran
  • Spawn Location: 11:00

BackupJ - Winner!

  • Race: Protoss Protoss
  • Spawn Location: 5:00

VOD

Have the link to the VOD?

Description

Time

  • Played on: Sept. 6, 2019, 12:29 p.m.
  • Length: 5:57
Show
View Real Time Build Order
Export as new Build Order

souL Terran 

Build Orders: 1/1/1, Cyclone Opening 

Get SALT Encoding   

  12  0:01  SCV  
  13  0:15  Supply Depot  
  13  0:18  SCV  
  14  0:30  SCV  
  15  0:43  Refinery, Barracks  
  15  0:46  SCV  
  16  0:52  Refinery  
  16  1:00  SCV  
  17  1:12  SCV  
  18  1:30  Orbital Command, Reaper  
  19  1:41  Factory  
  19  1:51  Supply Depot  
  19  1:55  SCV  
  20  2:02  Reaper  
  20  2:08  SCV  
  22  2:23  SCV  
  22  2:28  Factory Tech Lab  
  22  2:29  Starport  
  23  2:45  SCV  
  23  2:48  Command Center  
  24  2:54  Cyclone  
  27  3:02  SCV  
  27  3:07  Starport Tech Lab  
  27  3:09  Supply Depot  
  27  3:14  SCV  
  27  3:15  Liberator  
  28  3:26  SCV  
  32  3:38  SCV  
  32  3:45  Barracks  
  32  3:46  Barracks  
  32  3:50  SCV  
  33  4:00  Siege Tank  
  33  4:02  Barracks Reactor  
  36  4:03  Orbital Command, SCV  
  37  4:15  SCV  
  38  4:20  Supply Depot  
  38  4:26  Engineering Bay  
  38  4:27  SCV  
  38  4:30  SCV  
  40  4:32  Siege Tank  
  40  4:36  Barracks Tech Lab  
  43  4:39  SCV  
  43  4:40  Marine  
  43  4:41  Marine  
  43  4:43  SCV  
  47  4:47  Refinery, Marine  
  47  4:51  SCV  
  49  4:55  SCV  
  49  4:58  Marine  
  51  5:00  Supply Depot  
  51  5:01  Marauder  
  51  5:03  SCV  
  51  5:05  Marine  
  56  5:07  SCV  
  56  5:08  Marine  
  57  5:15  SCV  
  57  5:16  Marine  
  57  5:19  SCV  
  60  5:22  Marine  
  60  5:24  Marine  
  60  5:25  Starport Reactor  
  60  5:26  Marauder  
  60  5:27  SCV  
  59  5:31  SCV  
  59  5:33  Marine  
  56  5:39  SCV  
Show
View Real Time Build Order
Export as new Build Order

BackupJ Protoss - Winner!

Build Orders: 1 Gate Expand 

Get SALT Encoding   

  12  0:00  Probe  
  13  0:12  Probe  
  14  0:17  Pylon  
  14  0:23  Probe  
  15  0:31  Probe  
  16  0:37  Gateway  
  16  0:40  Probe  
  16  0:45  Assimilator  
  17  0:52  Probe  
  18  1:04  Probe  
  19  1:16  Probe  
  20  1:22  Nexus  
  20  1:32  Cybernetics Core  
  20  1:35  Probe  
  21  1:40  Assimilator  
  22  1:47  Probe  
  22  1:52  Pylon  
  22  1:57  Probe  
  22  2:00  Adept  
  23  2:06  Probe  
  23  2:14  Probe  
  27  2:26  Probe, Stalker  
  28  2:35  Probe  
  30  2:38  Probe  
  30  2:42  Warp Gate  
  31  2:47  Probe  
  31  2:50  Probe  
  33  2:54  Twilight Council  
  33  2:59  Probe  
  33  3:03  Probe  
  35  3:07  Stalker  
  35  3:11  Probe  
  35  3:12  Charge  
  38  3:15  Probe  
  38  3:17  Robotics Facility  
  39  3:23  Probe  
  41  3:27  Probe  
  40  3:35  Probe  
  40  3:39  Pylon  
  41  3:41  Gateway  
  41  3:45  Gateway  
  41  3:50  Gateway  
  41  3:51  Gateway  
  41  3:56  Gateway  
  41  3:59  Warp Prism  
  41  4:02  Gateway  
  43  4:13  Shield Battery  
  43  4:16  Shield Battery  
  43  4:19  Pylon  
  43  4:30  Zealot  
  45  4:34  Pylon  
  45  4:37  Probe x2  
  47  4:40  Observer, Zealot x2  
  52  4:47  Zealot x2  
  52  4:48  Pylon  
  56  4:53  Stalker  
  57  5:06  Zealot x3  
  63  5:10  Zealot  
  63  5:12  Zealot  
  67  5:28  Zealot x5  
  65  5:34  Zealot  
  73  5:36  Zealot  
  71  5:51  Zealot x4  
  71  5:56  Pylon, Zealot  
Tags
 
Add a new tag
Caveats
  • Supply blocks, unpowered buildings, or Contaminate may cause inaccurate times.
  • Supply counts are checked every 10 seconds.